 Dungeon Crawl Stone Soup version 0.20.1-1-g8b1a95d (webtiles) character file.

468 Gremour the Slasher (level 7, 0/41 HPs)
             Began as a Gargoyle Monk on Dec 28, 2017.
             Killed by divine providence
             ... invoked by an orc priest
              (13 damage)
             ... on level 5 of the Dungeon.
             The game lasted 00:17:42 (4208 turns).

Gremour the Slasher (Gargoyle Monk)                 Turns: 4208, Time: 00:17:42

Health: 0/41       AC: 14    Str: 15    XL:     7   Next: 8%
Magic:  7/7        EV: 11    Int: 10    God:
Gold:   227        SH:  0    Dex: 14    Spells: 6/6 levels left

rFire    . . .     SeeInvis .   a - +0 long sword
rCold    . . .     Gourm    .   (no shield)
rNeg     + . .     Faith    .   A - +4 ring mail
rPois    ∞         Spirit   .   t - +0 helmet
rElec    +         Reflect  .   (no cloak)
rCorr    .         Harm     .   (no gloves)
MR       .....                  (no boots)
Stlth    +.........             (no amulet)
Regen    0.2/turn               (no ring)
MPRegen  0.1/turn               (no ring)

@: no status effects
A: negative energy resistance 1, electricity resistance, unbreathing,
petrification resistance, rot immunity, AC +4
a: no special abilities


You were on level 5 of the Dungeon.
You were not hungry.

You visited 2 branches of the dungeon, and saw 6 of its levels.

You collected 227 gold pieces.

Inventory:

Hand Weapons
 a - a +0 long sword (weapon)
 z - a +4 flail
Missiles
 l - 8 tomahawks (quivered)
Armour
 t - a +0 helmet (worn)
 A - a +4 ring mail (worn)
Wands
 b - a wand of polymorph (18/24)
Scrolls
 d - a scroll of noise {unknown}
 e - 4 scrolls of remove curse
 f - a scroll of magic mapping {unknown}
 i - 6 scrolls of identify
 j - a scroll of enchant weapon {unknown}
 r - 2 scrolls of immolation
 s - 2 scrolls of teleportation
 v - a scroll of fog {unknown}
 x - a scroll of enchant armour {unknown}
 y - a scroll of amnesia {unknown}
Potions
 h - a potion of agility
 p - a potion of brilliance {unknown}
 u - a potion of degeneration {unknown}
 w - 5 potions of curing
Books
 m - a book of Minor Magic

   Spells                             Type                      Level
   a - Magic Dart                     Conjuration                  1
   b - Blink                          Translocation                2
   c - Call Imp                       Summoning                    2
   d - Slow                           Hexes                        2
   e - Conjure Flame                  Conjuration/Fire             3
   f - Mephitic Cloud                 Conjuration/Poison/Air       3
Comestibles
 c - 4 bread rations
 g - 4 fruits
 k - 8 chunks of flesh
 q - a meat ration


   Skills:
 - Level 3.2 Fighting
 + Level 7.1 Long Blades
 - Level 2.4 Dodging
 - Level 2.1 Stealth


You had 6 spell levels left.
You didn't know any spells.

Dungeon Overview and Level Annotations

Branches:
Dungeon (5/15)             Temple (1/1) D:4

Altars:
Ashenzari
Dithmenos
Elyvilon
Fedhas
Gozag
Kikubaaqudgha
Makhleb
Okawaru
Qazlal
Ru
Sif Muna
Trog
Uskayaw
Vehumet
Xom
Zin

Shops:
D:4 %


Innate Abilities, Weirdness & Mutations

You are resistant to torment.
Your stone body is resilient. (AC +4)
You are immune to poison.
You resist negative energy. (rN+)
You are resistant to electric shocks. (rElec)
You can survive without breathing.
You are immune to petrification.
You are immune to rotting.


Message History

You destroy the hound skeleton!
An orc priest comes into view. It is wielding a flail.
The orc priest hits you but does no damage.
You closely miss the orc priest. The orc priest hits you with a flail.
You hit the orc priest.
The orc priest is lightly wounded.
The orc priest mumbles some strange prayers to Beogh against you.
Beogh smites you!
You barely miss the orc priest.
The orc priest is lightly wounded.
The orc priest closely misses you.
You slash the orc priest!
The orc priest is severely wounded.
The orc priest calls down the wrath of Beogh upon you.
Beogh smites you!
You barely miss the orc priest.
The orc priest is heavily wounded.
The orc priest invokes the aid of Beogh against you.
Beogh smites you!
You die...

### #####..
.......####
..........###
..........>#
...#.o.#.#####
#.#@###.#...#
#....)..#.#.# ...
#.#..)....#.# .#......
#....#.####.# ........
####.#.# #.# ......#
###.#### #.#
....#.#####.#....# #.#
#.#.#.......####.# #.#
#####.#.....(##....#.#
#.#


You could see an orc priest.

Vanquished Creatures
  2 ogres (D:4)
  A howler monkey (D:4)
  An orc priest (D:4)
  An orc wizard (D:5)
  A worker ant (D:4)
  A hound skeleton (D:5)
  6 adders
  An ooze (D:2)
  2 worms (D:2)
  A dart slug (D:1)
  3 leopard geckos
  13 orcs
  A ball python (D:1)
  5 giant cockroaches
  6 goblins
  9 hobgoblins
  13 jackals
  3 quokkas
  9 bats
  4 frilled lizards
  3 kobolds
  A leopard gecko skeleton (D:4)
  8 rats
95 creatures vanquished.

Notes
Turn   | Place    | Note
-------+----------+-------------------------------------------
     0 | D:1      | Gremour the Gargoyle Monk began the quest for the Orb.
     0 | D:1      | Reached XP level 1. HP: 14/14 MP: 1/1
   157 | D:1      | Reached skill level 3 in Long Blades
   180 | D:1      | Reached XP level 2. HP: 5/19 MP: 2/2
   545 | D:1      | Reached XP level 3. HP: 13/23 MP: 3/3
   864 | D:2      | Reached skill level 4 in Long Blades
  1032 | D:2      | Reached XP level 4. HP: 27/28 MP: 4/4
  1777 | D:2      | Reached skill level 5 in Long Blades
  1834 | D:2      | Reached XP level 5. HP: 29/32 MP: 5/5
  1852 | D:2      | Found a deep blue altar of Sif Muna.
  2067 | D:3      | Found a stormy altar of Qazlal.
  2081 | D:3      | Found a white marble altar of Elyvilon.
  2360 | D:3      | Found a hide-covered altar of Uskayaw.
  2677 | D:4      | Found a sacrificial altar of Ru.
  2817 | D:4      | Found Eshrifut's Food Boutique.
  2898 | D:4      | Found a bloodstained altar of Trog.
  3055 | D:4      | Found a staircase to the Ecumenical Temple.
  3068 | Temple   | Entered the Ecumenical Temple
  3447 | D:4      | Reached skill level 6 in Long Blades
  3447 | D:4      | Reached XP level 6. HP: 33/37 MP: 6/6
  4087 | D:5      | Entered Level 5 of the Dungeon
  4126 | D:5      | Found a shadowy altar of Dithmenos.
  4179 | D:5      | Reached skill level 7 in Long Blades
  4179 | D:5      | Reached XP level 7. HP: 38/41 MP: 7/7
  4208 | D:5      | Killed from afar by an orc priest

Skill      XL: |  1  2  3  4  5  6 |
---------------+-------------------+-----
Long Blades    | 3 4 5 6 7 |  7.1
Fighting       | |  3.2
Dodging        | |  2.4
Stealth        | |  2.1

Action                   |  1- 3 |  4- 6 |  7- 9 || total
-------------------------+-------+-------+-------++-------
Melee: Falchion          |    78 |   139 |       ||   217
       Long sword        |       |   129 |    13 ||   142
Throw: Tomahawk          |       |     6 |       ||     6
  Use: Scroll            |       |     7 |       ||     7
       Potion            |       |     5 |       ||     5
 Stab: Sleeping          |     1 |     4 |       ||     5
  Eat: Chunk             |       |     9 |       ||     9
       Meat ration       |       |     1 |       ||     1
Armor: Robe              |    35 |    39 |       ||    74
       Chain mail        |       |    68 |       ||    68
       Ring mail         |       |     8 |     8 ||    16
Dodge: Dodged            |    54 |   139 |     3 ||   196
       Rpst.: Falchion   |    19 |    36 |       ||    55
       Long sword        |       |    11 |     1 ||    12
